 Dungeon Crawl Stone Soup version 0.24.0-1-gfbc8707 (webtiles) character file.

Game seed: 11372162176218171667, levelgen mode: deterministic

53 Cathelsopet the Stinger (level 3, 3/21 HPs)
             Began as an Octopode Venom Mage on Jan 3, 2020.
             Quit the game on level 2 of the Dungeon.
             The game lasted 00:06:14 (1294 turns).

Cathelsopet the Stinger (Octopode Venom Mage)       Turns: 1294, Time: 00:06:14

Health: 3/21       AC:  1    Str:  7    XL:     3   Next: 87%
Magic:  2/6        EV: 12    Int: 18    God:
Gold:   65         SH:  3    Dex: 12    Spells: 5/6 levels left

rFire    + . .     SeeInvis .   a - +2 dagger (drain)
rCold    + . .     Gourm    .   i - +0 buckler
rNeg     . . .     Faith    .   (helmet restricted)
rPois    +         Spirit   .   (no amulet)
rElec    +         Reflect  .   (no ring)
rCorr    +         Harm     .   (no ring)
MR       .....                  (no ring)
Stlth    +++.......             (no ring)
HPRegen  0.07/turn              (no ring)
MPRegen  0.10/turn              (no ring)
                                (no ring)
                                (no ring)

@: lethally poisoned (3 -> 0), resistant, very slightly contaminated, lightly
drained
A: almost no armour, stealthy swim, amphibious, 8 rings, constrict 8, camouflage
1, gelatinous body 1
a: no special abilities


You were on level 2 of the Dungeon.
You were hungry.

You visited 1 branch of the dungeon, and saw 2 of its levels.

You collected 65 gold pieces.

Inventory:

Hand Weapons
 a - a +2 dagger of draining (weapon)
Missiles
 c - 90 stones (quivered)
Armour
 i - a +0 buckler (worn)
Jewellery
 g - an uncursed amulet of the acrobat {unknown}
Scrolls
 d - a scroll of remove curse
Comestibles
 b - 2 rations


   Skills:
 - Level 2.0(1.6) Dodging
 + Level 4.4(4.0) Stealth
 + Level 0.5(0.2) Shields
 - Level 2.0(1.6) Spellcasting
 - Level 1.0(0.6) Conjurations
 + Level 4.6(4.3) Poison Magic


You had 5 spell levels left.
You knew the following spells:

 Your Spells              Type           Power        Failure   Level  Hunger
a - Sting                 Conj/Pois      ##..         11%         1    ##.....

Your spell library contained the following spells:

 Spells                   Type           Power        Failure   Level  Hunger
 Poisonous Vapours        Pois/Air       #.....       19%         2    ###....
 Mephitic Cloud           Conj/Pois/Air  #.......     43%         3    ####...
 Olgreb's Toxic Radiance  Pois           ###.....     45%         4    #####..
 Venom Bolt               Conj/Pois      ##........   97%         5    ######.


Dungeon Overview and Level Annotations

Branches:
Dungeon (2/15)

Altars:


Innate Abilities, Weirdness & Mutations

You cannot wear most types of armour.
You are very stealthy in the water. (Stealth+)
You are amphibious.
You can wear up to eight rings at the same time.
You can use your tentacles to constrict eight enemies at once.
Your skin changes colour to match your surroundings (Stealth+).
Your rubbery body absorbs attacks. (AC +1, EV +1)


Message History

You kill the adder!
There is a lethal amount of poison in your body!
It was a potion of resistance.
You feel protected.
* * * LOW HITPOINT WARNING * * *
You feel sick.
As you read the scroll labeled NULU DINUIXOOMP, it crumbles to dust.
You feel blessed for a moment.
It was a scroll of remove curse.
As you read the scroll labeled ZEIM ETEBIGAAG, it crumbles to dust.
You feel aware of your surroundings.
You sensed 1 altar.
It was a scroll of magic mapping.
Blink to where?
Press: ? - help, Dir - move target cursor, f - you Are you sure you want to cancel this blink?
Uppercase [Y]es or [N]o only, please.
Are you sure you want to cancel this blink?
Okay, then.
As you read the scroll labeled UNGUAS IRULU, it crumbles to dust.
It was a scroll of blinking.
Are you sure you want to abandon this character and quit the game? (Confirm with "yes".)

,,,,,,****,....**,,,****,,,,,,,*
,,,,,,****,,...***,,,,**,,,,,,,**
,,,,,,**,,,,,..#**,**,,,,,,,,,,,,
,,,,,,**,##**,..**,*#**,,,,,,,,**
*,,,,,*,,...*,#.**,.###*,,,,,,,*
,,,,,,,,,....,#†###...,,,,,,,,,*
,,,,,,,,,.....#....#****,,,,,,**
,,,,,,,,,..>)..#.†.#####,,,,,,,*
,,,,,,,,,.......@†.....#,**,,,,**
,,,,,,,,,........([###...****,,,*
,,,,,,,,,.....##.<....,,#*****,,*
,,,,,,,,,)....*#........,,,,,*,,*
,,,,,,,,,.(..**#...##.#.,,,,,,,,*
*,,,,,*,,...** #...#*.#*******,,,
*********###* #...#*,# *,,,
###..*,* *,,, **,,,* *,,,


There were no monsters in sight!

Vanquished Creatures
  An adder (D:2)
  2 oozes (D:1)
  A dart slug (D:1)
  3 giant cockroaches (D:1)
  6 goblins (D:1)
  4 hobgoblins (D:1)
  4 jackals (D:2)
  2 kobolds (D:1)
  3 bats
  3 frilled lizards (D:1)
  2 rats
31 creatures vanquished.

Notes
Turn   | Place    | Note
-------+----------+-------------------------------------------
     0 | D:1      | Cathelsopet the Octopode Venom Mage began the quest for the
                  | Orb.
     0 | D:1      | Reached XP level 1. HP: 11/11 MP: 3/3
   124 | D:1      | Reached XP level 2. HP: 17/17 MP: 1/5
   508 | D:1      | Reached XP level 3. HP: 21/21 MP: 4/6
  1294 | D:2      | Quit the game

Levels and vault maps discovered:
D:1:      dpeg_arrival_rooms_c, layout_basic, due_unseen_surprise
D:2:      layout_rooms, elyvilon_altar_5

Skill      XL: |  1  2  3 |
---------------+----------+-----
Stealth        | 3 4 |  4.4
Poison Magic   | 4 |  4.6
Dodging        | |  2.0
Shields        | |  0.5
Spellcasting   | |  2.0
Conjurations   | |  1.0

Action                   || total
-------------------------++-------
Melee: Club              ||    24
       Constrict         ||    12
       Unarmed           ||     1
       Tentacles         ||     6
       Dagger            ||    15
 Cast: Sting             ||    33
  Use: Scroll            ||     3
       Potion            ||     1
  Eat: Chunk             ||     1
Dodge: Dodged            ||    30
Block: Buckler           ||     5
